 Dungeon Sprint DCSS version 0.26-a0-707-g31817bcca1 (webtiles) character file.

Game seed: 7758320278903195840

529680 mhtbhm the Minotaur Porcupine (level 21, -21/224 HPs)
             Began as a Minotaur Fighter on Oct 26, 2020.
             Was the Champion of Trog.
             Killed from afar by a Hell Sentinel (51 damage)
             ... with damnation
             ... summoned by Cerebov
             ... in the Dungeon (Sprint IX: "|||||||||||||||||||||||||||||").
             The game lasted 00:26:02 (10921 turns).

mhtbhm the Minotaur Porcupine (Minotaur Fighter)   Turns: 10921, Time: 00:26:02

Health: -21/224    AC: 48    Str: 32    XL:     21   Next: 64%
Magic:  0/20       EV: 21    Int:  2    God:    Trog [******]
Gold:   182        SH: 38    Dex: 11    Spells: 20/20 levels left

rFire    + + +     SeeInvis .   E - +9 trishula (holy)
rCold    + + .     Faith    .   b - +10 tower shield of Ignorance {rN+ Int-4}
rNeg     + + .     Spirit   +   o - +9 gold dragon scales
rPois    +         Reflect  .   (helmet unavailable)
rElec    +         Harm     .   p - +2 cloak
rCorr    +         Rampage  .   P - +2 pair of gloves
MR       ++...     NoTele   +   O - +1 pair of boots {run}
Stlth    +++.......             M - amulet "Xuythrabe" {Spirit rElec rF+}
HPRegen  0.47/turn              K - ring of the Octopus King {rN+ AC+1 EV+1 Str+1 Int+1 Dex+1}
MPRegen  0.17/turn              y - +4 ring of slaying

@: resistant, berserk cooldown, quick
A: retaliatory headbutt, hooves 1, horns 3, blurry vision 1, magic resistance 1,
sturdy frame 1
}: 9/17 runes: decaying, serpentine, barnacled, slimy, elven, silver, golden,
abyssal, gossamer
a: Berserk, Trog's Hand, Brothers in Arms, Renounce Religion


You were in the Dungeon.
You worshipped Trog.
Trog was exalted by your worship.
You visited 1 branch You collected 1959 gold pieces.
You spent 1777 gold pieces at shops.

Inventory:

Hand Weapons
 a - a +3 demon trident of electrocution
 s - a +2 war axe of venom
 v - the +6 bardiche of Misery {antimagic, rC+ Stlth+}
   (Trog gifted it to you in the Dungeon)

   It reduces the magical energy of the wielder, and disrupts the spells and
   magical abilities of those hit.
   Natural abilities and divine invocations are not affected.
   It protects you from cold.
   It makes you more stealthy.
 A - the +3 quick blade "Ifias" {vorpal, MR+ SInv Stlth+}
   (Trog gifted it to you in the Dungeon)

   It inflicts extra damage upon your enemies.
   It affects your resistance to hostile enchantments.
   It lets you see invisible.
   It makes you more stealthy.
 E - a +9 trishula of holy wrath (weapon)
 L - a +0 antimagic eveningstar
 Q - a +1 antimagic scimitar
Missiles
 q - 22 silver javelins (quivered)
 C - 13 javelins
Armour
 b - the +10 tower shield of Ignorance (worn) {rN+ Int-4}
   (You found it in the Dungeon)

   It affects your intelligence (-4).
   It protects you from negative energy.
 o - +9 gold dragon scales (worn)
 p - a +2 cloak (worn)
 O - a +1 pair of boots of running (worn)
 P - a +2 pair of gloves (worn)
Jewellery
 y - a +4 ring of slaying (right hand)
 B - the ring of Aroc {rElec MR+ Int+6 Dex+4}
   (You found it in the Dungeon)

   [ring of intelligence]

   It affects your intelligence (+6).
   It affects your dexterity (+4).
   It insulates you from electricity.
   It affects your resistance to hostile enchantments.
 G - the ring of Geinoh {rF+++ rN+ MR+++ Str+3 Slay-2}
   (You found it in the Dungeon)

   [ring of strength]

   It affects your strength (+3).
   It affects your accuracy and damage with ranged weapons and melee attacks
   (-2).
   It renders you almost immune to fire.
   It protects you from negative energy.
   It affects your resistance to hostile enchantments.
 K - a ring of the Octopus King (left hand) {rN+ AC+1 EV+1 Str+1 Int+1 Dex+1}
   (You found it in the Dungeon)

   [ring of positive energy]

   It affects your AC (+1).
   It affects your evasion (+1).
   It affects your strength (+1).
   It affects your intelligence (+1).
   It affects your dexterity (+1).
   It protects you from negative energy.
 M - the amulet "Xuythrabe" (around neck) {Spirit rElec rF+}
   (You found it in the Dungeon)

   [amulet of guardian spirit]

   It causes incoming damage to be split between your health and magic.
   It protects you from fire.
   It insulates you from electricity.
 N - the amulet "Cekobb" {Reflect rF- rC+ Str+8 Slay-3 SH+5}
   (You found it in the Dungeon)

   [amulet of reflection]

   It shields you and reflects attacks.
   It affects your strength (+8).
   It affects your accuracy and damage with ranged weapons and melee attacks
   (-3).
   It makes you vulnerable to fire.
   It protects you from cold.
   It affects your SH (+5).
Wands
 n - a wand of random effects (22)
 x - a wand of digging (9)
Scrolls
 j - 6 scrolls of blinking
 k - 6 scrolls of remove curse
 u - 2 scrolls of fog
Potions
 d - a potion of flight
 e - 7 potions of curing
 f - 2 potions of heal wounds
 g - 7 potions of haste
 h - 11 potions of magic
 i - a potion of invisibility
 m - a potion of resistance
 r - a potion of stabbing
 D - 4 potions of berserk rage
 I - 2 potions of lignification
 J - 5 potions of mutation
Miscellaneous
 c - the horn of Geryon (inert)


   Skills:
 O Level 27 Fighting
 + Level 20.8(21.9) Short Blades
 + Level 14.0(19.6) Long Blades
 + Level 21.4(27) Axes
 + Level 16.5(20.8) Maces & Flails
 O Level 27 Polearms
 O Level 27 Throwing
 O Level 27 Armour
 O Level 27 Dodging
 * Level 26.2 Stealth
 O Level 27 Shields
 + Level 20.5 Unarmed Combat
 O Level 27 Evocations


You had 20 spell levels left.
You didn't know any spells.
Your spell library was empty.

Dungeon Overview and Level Annotations

Branches:
Dungeon (1/1)

Altars:
Cheibriados
Dithmenos
Elyvilon
Fedhas
Gozag
Hepliaklqana
Kikubaaqudgha
Makhleb
Nemelex Xobeh
Okawaru
Qazlal
Ru
Sif Muna
Trog
Uskayaw
Vehumet
Wu Jian
Xom
Yredelemnul
Zin
The Shining One
Beogh
Jiyva
Lugonu

Shops:
D =[*=

Annotations:
D Cerebov


Innate Abilities, Weirdness & Mutations

You reflexively headbutt those who attack you in melee.
You have a pair of large horns on your head.
You have large cloven feet.
Scrolls take you a little longer to read.
You are resistant to hostile enchantments. (MR+)
Your movements are slightly less encumbered by armour. (ER -2)


Message History

Cerebov hits you with the +6 sword of Cerebov {flame}!!
* * * LOW HITPOINT WARNING * * *
Cerebov burns you.
* * * LOW HITPOINT WARNING * * *
Unknown command.
Evoke which item? (* to show all) (? for menu, Esc to quit)
Okay, then.
You hit Cerebov but do no damage.
Cerebov is almost dead.
You feel less vulnerable to fire.
Unknown command.
You impale Cerebov!!
Cerebov convulses!!
Your headbutt misses Cerebov.
Cerebov is almost dead.
Cerebov hits you but does no damage. The Hell Sentinel gestures at you.
The sphere of damnation explodes!
The damnation engulfs Cerebov.
Cerebov completely resists.
The damnation engulfs the Hell Sentinel.
The Hell Sentinel completely resists.
The damnation engulfs you!!!
You die...

▓▓▓▓▓▓▓▓▓▓▓▓▓▓▓▓▓▓▓▓▓▓▓▓▓▓▓▓▓▓▓▓▓
&1.1..........1&@....v?..........
▓▓▓▓▓▓▓▓▓▓▓▓▓▓▓▓▓▓▓▓▓▓▓▓▓▓▓▓▓▓▓▓▓
.................................
▓▓▓▓▓▓▓▓▓▓▓▓▓▓▓▓▓▓▓▓▓▓▓▓▓▓▓▓▓▓▓▓▓
.....'...).....').......=.'......
▓▓▓▓▓▓▓▓▓▓▓▓▓▓▓▓▓▓▓▓▓▓▓▓▓▓▓▓▓▓▓▓▓
................................)
▓▓▓▓▓▓▓▓▓▓▓▓▓▓▓▓▓▓♣♣♣♣♣♣♣♣♣♣♣♣▓▓▓
...)....)).)))))))(....(.))..))..


You could see Cerebov (fast), a Hell Sentinel (summoned) and a fire vortex.

Vanquished Creatures
  the Royal Jelly (D)
  Ereshkigal (D)
  3 orbs of fire (D)
  Mennas (D)
  Mara (D)
  5 ancient liches (D)
  4 greater mummies (D)
  Margery (D)
  Xtahua (D)
  Geryon (D)
  A curse toe (D)
  5 golden dragons (D)
  Nikola (D)
  Jory (D)
  3 electric golems (D)
  4 liches (D)
  Rupert (D)
  4 deep elf blademasters (D)
  3 tentacled monstrosities (D)
  28 Orb Guardians (D)
  A quicksilver dragon (D)
  8 acid blobs (D)
  12 sphinxes (D)
  3 deep elf master archers (D)
  Agnes (D)
  A tentacled starspawn (D)
  8 death cobs (D)
  6 shadow dragons (D)
  6 storm dragons (D)
  Ilsuiw (D)
  A fire giant (D)
  A draconian monk (D)
  3 azure jellies (D)
  A draconian knight (D)
  7 nagarajas (D)
  2 deep elf sorcerers (D)
  2 frost giants (D)
  A ghost moth (D)
  A draconian scorcher (D)
  5 emperor scorpions (D)
  A vault warden (D)
  2 draconian stormcallers (D)
  A draconian annihilator (D)
  4 draconian shifters (D)
  2 ironheart preservers (D)
  A war gargoyle (D)
  7 stone giants (D)
  An entropy weaver (D)
  2 black draconians (D)
  7 vampire knights (D)
  A white draconian (D)
  A spark wasp (D)
  2 deep elf annihilators (D)
  3 purple draconians (D)
  6 mummy priests (D)
  A green draconian (D)
  4 red draconians (D)
  2 ettins (D)
  A deep elf death mage (D)
  3 merfolk javelineers (D)
  3 merfolk impalers (D)
  5 fire dragons (D)
  6 death oozes (D)
  A crystal guardian (D)
  5 yaktaur captains (D)
  Snorg (D)
  2 deep elf high priests (D)
  5 ogre magi (D)
  2 great orbs of eyes (D)
  5 ice dragons (D)
  A naga warrior (D)
  2 rakshasas (D)
  25 vault guards (D)
  11 hydras (D)
  A centaur warrior (D)
  2 anacondas (D)
  A satyr (D)
  3 merfolk aquamancers (D)
  2 alligators (D)
  A deep troll earth mage (D)
  2 deep troll shamans (D)
  A vampire mage (D)
  2 spriggan berserkers (D)
  9 orc high priests (D)
  Nergalle (D)
  2 naga sharpshooters (D)
  A thrashing horror (D)
  A shadow wraith (D)
  5 hell knights (D)
  2 sea snakes (D)
  A large abomination (D)
  2 deep elf magi (D)
  A deep elf archer (D)
  3 orc knights (D)
  3 swamp dragons (D)
  A phantasmal warrior (D)
  A necromancer (D)
  3 ironbrand convokers (D)
  An orc sorcerer (D)
  An ugly thing (D)
  3 wolf spiders (D)
  A mana viper (D)
  A salamander (D)
  10 moths of wrath (D)
  2 cyclopes (D)
  2 merfolk sirens (D)
  A guardian serpent (D)
  4 vault sentinels (D)
  Maurice (D)
  A black mamba (D)
  3 naga magi (D)
  2 water nymphs (D)
  A smoke demon (D)
  A cane toad (D)
  A komodo dragon (D)
  2 rime drakes (D)
  6 yaktaurs (D)
  4 demonic crawlers (D)
  A komodo dragon (shapeshifter) (D)
  18 guardian mummies (D)
  2 freezing wraiths (D)
  2 jumping spiders (D)
  A polar bear (shapeshifter) (D)
  3 merfolk (D)
  A queen bee (shapeshifter) (D)
  A wandering mushroom (D)
  A hornet (D)
  A troll (D)
  A slime creature (D)
  2 blink frogs (D)
  A bog body (D)
  A snapping turtle (D)
  A blink frog (shapeshifter) (D)
  12 spriggans (D)
  A shadow (D)
  A tarantella (D)
  A ynoxinul (D)
  2 yaks (D)
  3 redbacks (D)
  A wraith (D)
  A wyvern (shapeshifter) (D)
  2 small abominations (D)
  A basilisk (D)
  Eustachio (D)
  2 golden eyes (D)
  3 vampire mosquitoes (D)
  3 wargs (D)
  3 nagas (D)
  2 water moccasins (D)
  2 hell hounds (D)
  A soldier ant (D)
  3 floating eyes (D)
  9 orc warriors (D)
  A sky beast (D)
  3 swamp drakes (D)
  2 eyes of draining (D)
  2 ogres (D)
  4 wolves (D)
  2 centaurs (D)
  A big kobold (shapeshifter) (D)
  4 bullfrogs (D)
  A scorpion (D)
  A quasit (D)
  9 orc priests (D)
  4 orc wizards (D)
  A worker ant (D)
  2 adder skeletons (D)
  An adder zombie (D)
  5 orcs (D)
  A bat skeleton (D)
  2 bat zombies (D)
  A hobgoblin (D)
  2 kobolds (D)
  A frilled lizard (D)
  A jackal zombie (D)
  A rat (D)
  A lurking horror (D)
  A starspawn tentacle (D)
511 creatures vanquished.

Vanquished Creatures (collateral kills)
  A catoblepas (D)
  A yak (D)
  A water moccasin (D)
3 creatures vanquished.

Vanquished Creatures (others)
  An unseen horror (D)
1 creature vanquished.

Grand Total: 515 creatures vanquished

Notes
Turn   | Place    | Note
-------+----------+-------------------------------------------
     0 | D        | mhtbhm the Minotaur Fighter began the quest for the Orb.
     0 | D        | Reached XP level 1. HP: 19/19 MP: 0/0
   103 | D        | Noticed a centaur
   103 | D        | Noticed a scorpion
   103 | D        | Noticed a worker ant
   103 | D        | Noticed an ogre
   107 | D        | Killed an ogre
   107 | D        | Reached XP level 2. HP: 31/31 MP: 1/1
   107 | D        | Reached XP level 3. HP: 38/38 MP: 2/2
   107 | D        | Reached XP level 4. HP: 45/45 MP: 3/3
   112 | D        | Reached skill level 5 in Polearms
   116 | D        | Reached XP level 5. HP: 53/53 MP: 4/4
   118 | D        | Killed a centaur
   126 | D        | Found a roughly hewn altar of Beogh.
   126 | D        | Found a snail-covered altar of Cheibriados.
   126 | D        | Found a shadowy altar of Dithmenos.
   126 | D        | Found a white marble altar of Elyvilon.
   126 | D        | Found a blossoming altar of Fedhas.
   126 | D        | Found an opulent altar of Gozag.
   127 | D        | Found a hazy altar of Hepliaklqana.
   128 | D        | Found a viscous altar of Jiyva.
   129 | D        | Found an ancient bone altar of Kikubaaqudgha.
   130 | D        | Found a corrupted altar of Lugonu.
   131 | D        | Found a burning altar of Makhleb.
   132 | D        | Found a sparkling altar of Nemelex Xobeh.
   133 | D        | Found an iron altar of Okawaru.
   134 | D        | Found a stormy altar of Qazlal.
   135 | D        | Found a sacrificial altar of Ru.
   136 | D        | Found a shimmering blue altar of Sif Muna.
   137 | D        | Found a bloodstained altar of Trog.
   138 | D        | Found a hide-covered altar of Uskayaw.
   139 | D        | Found a radiant altar of Vehumet.
   140 | D        | Found an ornate altar of the Wu Jian Council.
   143 | D        | Found a shimmering altar of Xom.
   144 | D        | Found a basalt altar of Yredelemnul.
   145 | D        | Found a glowing silver altar of Zin.
   146 | D        | Found a glowing golden altar of the Shining One.
   149 | D        | Became a worshipper of Trog the Wrathful
   295 | D        | Noticed an ogre
   303 | D        | Reached XP level 6. HP: 61/63 MP: 5/5
   311 | D        | Reached * piety under Trog
   313 | D        | Reached skill level 1 in Dodging
   319 | D        | Reached ** piety under Trog
   451 | D        | Noticed a soldier ant
   451 | D        | Noticed a water moccasin
   451 | D        | Noticed a vampire mosquito
   451 | D        | Noticed an orb spider
   451 | D        | Noticed a deep elf mage
   451 | D        | Noticed a cyclops
   456 | D        | Noticed a soldier ant
   456 | D        | an orb spider changed into a soldier ant
   457 | D        | Killed a cyclops
   457 | D        | Reached skill level 10 in Fighting
   457 | D        | Reached skill level 10 in Armour
   457 | D        | Reached skill level 10 in Shields
   457 | D        | Reached XP level 7. HP: 73/73 MP: 6/6
   464 | D        | Noticed a wyvern
   464 | D        | a soldier ant changed into a wyvern
   465 | D        | Killed a wyvern
   465 | D        | Reached skill level 10 in Polearms
   470 | D        | Killed a vampire mosquito
   470 | D        | Reached XP level 8. HP: 82/82 MP: 7/7
   473 | D        | Reached *** piety under Trog
   480 | D        | Killed a deep elf mage
   597 | D        | Gained mutation: You are clumsy. (Dex -2) [potion of
                  | mutation]
   597 | D        | Gained mutation: You are frail. (-10% HP) [potion of
                  | mutation]
   597 | D        | Lost mutation: You are frail. (-10% HP) [potion of
                  | mutation]
   597 | D        | Gained mutation: You are partially covered in thin metallic
                  | scales. (AC +2) [potion of mutation]
   598 | D        | Noticed a cane toad
   598 | D        | Noticed a four-headed hydra
   599 | D        | Noticed a rime drake
   600 | D        | Reached **** piety under Trog
   604 | D        | Killed a four-headed hydra
   604 | D        | Reached XP level 9. HP: 93/93 MP: 8/8
   604 | D        | Noticed a rime drake
   615 | D        | Killed a cane toad
   623 | D        | Reached ***** piety under Trog
   643 | D        | Killed a rime drake
   647 | D        | Killed a rime drake
   650 | D        | Received a gift from Trog
   840 | D        | Noticed an eight-headed hydra
   848 | D        | Noticed a komodo dragon
   850 | D        | Noticed a catoblepas
   851 | D        | Killed an eight-headed hydra
   851 | D        | Reached skill level 15 in Polearms
   851 | D        | Reached skill level 5 in Dodging
   851 | D        | Reached XP level 10. HP: 103/103 MP: 9/9
   896 | D        | Killed a catoblepas
   903 | D        | Received a gift from Trog
   992 | D        | Reached ****** piety under Trog
   992 | D        | Received a gift from Trog
  1089 | D        | Noticed Eustachio
  1124 | D        | Killed Eustachio
  1175 | D        | Received a gift from Trog
  1187 | D        | Received a gift from Trog
  1299 | D        | Noticed an orc knight
  1306 | D        | Killed an orc knight
  1306 | D        | Reached skill level 15 in Fighting
  1309 | D        | Received a gift from Trog
  1316 | D        | Reached XP level 11. HP: 112/112 MP: 10/10
  1323 | D        | Noticed an orc sorcerer
  1332 | D        | Killed an orc sorcerer
  1370 | D        | Found Dixig Ydyrgh's Jewellery Boutique.
  1370 | D        | Noticed an orc high priest
  1370 | D        | Noticed an orc high priest
  1372 | D        | Received a gift from Trog
  1374 | D        | Killed an orc high priest
  1378 | D        | Noticed an orc high priest
  1386 | D        | Found Zese's General Store.
  1391 | D        | Noticed an orc high priest
  1392 | D        | Killed an orc high priest
  1392 | D        | Reached skill level 15 in Shields
  1396 | D        | Noticed a sixfirhy
  1396 | D        | Noticed an orc high priest
  1397 | D        | Noticed a soul eater
  1403 | D        | Killed an orc high priest
  1403 | D        | Received a gift from Trog
  1405 | D        | Killed an orc high priest
  1405 | D        | Reached skill level 1 in Evocations
  1405 | D        | Noticed an orc high priest
  1406 | D        | Found Jiro's Armour Boutique.
  1407 | D        | Noticed a soul eater
  1407 | D        | Noticed an orc high priest
  1415 | D        | Killed an orc high priest
  1417 | D        | Found Cisugo's Jewellery Shop.
  1419 | D        | Noticed an orc high priest
  1421 | D        | Killed an orc high priest
  1437 | D        | Killed an orc high priest
  1442 | D        | Killed an orc high priest
  1473 | D        | Noticed an orc high priest
  1479 | D        | Noticed a sixfirhy
  1487 | D        | Killed an orc high priest
  1487 | D        | Received a gift from Trog
  1515 | D        | Bought a +1 tower shield of fire resistance for 181 gold
                  | pieces
  1520 | D        | Bought a +1 pair of boots of running for 401 gold pieces
  1823 | D        | Noticed Maurice
  1833 | D        | Killed Maurice
  1979 | D        | Bought a +4 ring of slaying for 1014 gold pieces
  2302 | D        | Lost mutation: You are clumsy. (Dex -2) [potion of
                  | mutation]
  2302 | D        | Lost mutation: You are partially covered in thin metallic
                  | scales. (AC +2) [potion of mutation]
  2302 | D        | Gained mutation: Your body sometimes deteriorates upon
                  | taking damage. [potion of mutation]
  2302 | D        | Gained mutation: You have sharp toenails. [potion of
                  | mutation]
  2432 | D        | Bought a scroll of identify for 22 gold pieces
  2432 | D        | Bought a potion of mutation for 88 gold pieces
  2432 | D        | Bought a potion of curing for 33 gold pieces
  2432 | D        | Bought a scroll of fear for 38 gold pieces
  2432 | D        | Lost mutation: Your body sometimes deteriorates upon taking
                  | damage. [potion of mutation]
  2432 | D        | Lost mutation: You have sharp toenails. [potion of
                  | mutation]
  2432 | D        | Gained mutation: You are resistant to hostile enchantments.
                  | (MR+) [potion of mutation]
  2432 | D        | Gained mutation: Your movements are slightly less
                  | encumbered by armour. (ER -2) [potion of mutation]
  2432 | D        | Gained mutation: You have large cloven feet. [potion of
                  | mutation]
  2432 | D        | Gained mutation: You have a pair of large horns on your
                  | head. [potion of mutation]
  2563 | D        | Noticed a deep elf mage
  2563 | D        | Noticed a brown ugly thing
  2571 | D        | Killed a brown ugly thing
  2571 | D        | Reached skill level 10 in Dodging
  2580 | D        | Received a gift from Trog
  2585 | D        | Killed a deep elf mage
  2585 | D        | Reached XP level 12. HP: 125/125 MP: 11/11
  2588 | D        | Reached skill level 1 in Stealth
  2589 | D        | Noticed a yaktaur captain
  2589 | D        | Noticed a stone giant
  2597 | D        | Noticed a rakshasa
  2599 | D        | Noticed a stone giant
  2600 | D        | Killed a yaktaur captain
  2611 | D        | Killed a stone giant
  2618 | D        | Killed a rakshasa
  2618 | D        | Received a gift from Trog
  2622 | D        | Killed a stone giant
  2847 | D        | Noticed a spark wasp
  2862 | D        | Killed a spark wasp
  2865 | D        | Received a gift from Trog
  2963 | D        | Noticed an eight-headed hydra
  2963 | D        | Noticed an alligator
  2963 | D        | Noticed an alligator
  2974 | D        | Killed an alligator
  2983 | D        | Killed an alligator
  2984 | D        | Killed an eight-headed hydra
  2984 | D        | Received a gift from Trog
  3029 | D        | Got a crystal quick blade {god gift}
  3038 | D        | Noticed an anaconda
  3038 | D        | Noticed an anaconda
  3042 | D        | Received a gift from Trog
  3049 | D        | Killed an anaconda
  3052 | D        | Reached skill level 15 in Armour
  3058 | D        | Reached XP level 13. HP: 120/139 MP: 12/12
  3071 | D        | Received a gift from Trog
  3317 | D        | Received a gift from Trog
  3319 | D        | Reached skill level 5 in Stealth
  3341 | D        | Received a gift from Trog
  3402 | D        | Noticed Agnes
  3415 | D        | Killed Agnes
  3443 | D        | Noticed Nergalle
  3455 | D        | Killed Nergalle
  3485 | D        | Noticed a frost giant
  3485 | D        | Noticed a fire giant
  3489 | D        | Noticed a storm dragon
  3492 | D        | Killed a fire giant
  3492 | D        | Received a gift from Trog
  3504 | D        | Killed a frost giant
  3512 | D        | Killed a storm dragon
  3512 | D        | Received a gift from Trog
  3529 | D        | Received a gift from Trog
  3539 | D        | Got an iridescent trident {god gift}
  3540 | D        | Identified the +10 trident "Tashreoff" {flame, +Rage rF-
                  | MR+ Dex+9} (Trog gifted it to you in the Dungeon)
  3559 | D        | Received a gift from Trog
  3559 | D        | Reached XP level 14. HP: 95/154 MP: 13/13
  3739 | D        | Received a gift from Trog
  3759 | D        | Noticed a stone giant
  3761 | D        | Noticed an ironheart preserver
  3765 | D        | Received a gift from Trog
  3784 | D        | Killed a stone giant
  3788 | D        | Killed an ironheart preserver
  3788 | D        | Received a gift from Trog
  3788 | D        | Noticed a stone giant
  3799 | D        | Killed a stone giant
  4186 | D        | Noticed Xtahua
  4196 | D        | Paralysed by Xtahua for 5 turns
  4205 | D        | Killed Xtahua
  4417 | D        | Noticed Snorg
  4428 | D        | Killed Snorg
  4428 | D        | Received a gift from Trog
  4448 | D        | Noticed Jory
  4466 | D        | Killed Jory
  4530 | D        | Noticed Rupert
  4533 | D        | Paralysed by Rupert for 6 turns
  4544 | D        | Killed Rupert
  4590 | D        | Received a gift from Trog
  4619 | D        | Reached XP level 15. HP: 165/167 MP: 14/14
  4621 | D        | Got a decaying rune of Zot
  4657 | D        | Noticed a nagaraja
  4657 | D        | Noticed a nagaraja
  4657 | D        | Noticed a nagaraja
  4657 | D        | Noticed a nagaraja
  4661 | D        | Received a gift from Trog
  4668 | D        | Killed a nagaraja
  4673 | D        | Noticed a nagaraja
  4676 | D        | Killed a nagaraja
  4681 | D        | Killed a nagaraja
  4683 | D        | Noticed a nagaraja
  4688 | D        | Killed a nagaraja
  4693 | D        | Killed a nagaraja
  4693 | D        | Received a gift from Trog
  4694 | D        | Noticed a nagaraja
  4710 | D        | Killed a nagaraja
  4712 | D        | Killed a nagaraja
  4717 | D        | Received a gift from Trog
  4734 | D        | Got a fine broad axe {god gift}
  4735 | D        | Identified the +1 broad axe "Beastslayer" {vorpal, MR+}
                  | (Trog gifted it to you in the Dungeon)
  4874 | D        | Got a serpentine rune of Zot
  4891 | D        | Received a gift from Trog
  4922 | D        | Killed a ghost moth
  4929 | D        | Received a gift from Trog
  4970 | D        | Received a gift from Trog
  4972 | D        | Got a gossamer rune of Zot
  5024 | D        | Noticed Ilsuiw
  5030 | D        | Killed Ilsuiw
  5043 | D        | Received a gift from Trog
  5068 | D        | Received a gift from Trog
  5075 | D        | Reached skill level 27 in Polearms
  5126 | D        | Got a barnacled rune of Zot
  5180 | D        | Noticed Nikola
  5194 | D        | Killed Nikola
  5195 | D        | Noticed Mara
  5207 | D        | Killed Mara
  5207 | D        | Received a gift from Trog
  5207 | D        | Reached skill level 27 in Fighting
  5207 | D        | Reached XP level 16. HP: 183/183 MP: 15/15
  5242 | D        | Noticed Mennas
  5271 | D        | Killed Mennas
  5271 | D        | Reached skill level 15 in Dodging
  5271 | D        | Reached skill level 27 in Shields
  5352 | D        | Received a gift from Trog
  5418 | D        | Received a gift from Trog
  5443 | D        | Received a gift from Trog
  5473 | D        | Received a gift from Trog
  5489 | D        | Noticed a shadow dragon
  5492 | D        | Noticed a shadow dragon
  5497 | D        | Received a gift from Trog
  5711 | D        | Killed a shadow dragon
  5719 | D        | Killed a shadow dragon
  5722 | D        | Received a gift from Trog
  5722 | D        | Reached skill level 27 in Armour
  5971 | D        | Noticed a shadow dragon
  5971 | D        | Noticed an ancient lich
  5971 | D        | Noticed a lich
  5971 | D        | Noticed a shadow dragon
  5972 | D        | Found the ring of the Octopus King
  5986 | D        | Killed a shadow dragon
  5990 | D        | Killed a lich
  5990 | D        | Received a gift from Trog
  5991 | D        | Noticed a shadow dragon
  5992 | D        | Reached skill level 5 in Evocations
  5993 | D        | Noticed a lich
  5995 | D        | Noticed a Tzitzimitl
  5999 | D        | Reached XP level 17. HP: 191/191 MP: 16/16
  6003 | D        | Noticed a Hell Sentinel
  6413 | D        | Received a gift from Trog
  6498 | D        | Killed an ancient lich
  6502 | D        | Killed a lich
  6575 | D        | Got a ring of the Octopus King
  6579 | D        | Got a silver rune of Zot
  6652 | D        | Noticed Margery
  6661 | D        | Received a gift from Trog
  6676 | D        | Killed Margery
  6687 | D        | Received a gift from Trog
  6704 | D        | Identified a ring of the Octopus King {rN+ AC+1 EV+1 Str+1
                  | Int+1 Dex+1} (You found it in the Dungeon)
  6763 | D        | Got the ring of Aroc {rElec MR+ Int+6 Dex+4}
  6765 | D        | Got the ring of Geinoh {rF+++ rN+ MR+++ Str+3 Slay-2}
  6767 | D        | Got the ring "Puwn" {rC+ Str+4}
  6769 | D        | Got the amulet "Xuythrabe" {Spirit rElec rF+}
  6771 | D        | Got the amulet "Cekobb" {Reflect rF- rC+ Str+8 Slay-3 SH+5}
  6782 | D        | Found the +10 tower shield of Ignorance {rN+ Int-4}
  6783 | D        | Found the +27 Lear's hauberk
  6927 | D        | Identified the +3 quick blade "Ifias" {vorpal, MR+ SInv
                  | Stlth+} (Trog gifted it to you in the Dungeon)
  7016 | D        | Reached skill level 10 in Throwing
  7020 | D        | Received a gift from Trog
  7058 | D        | Noticed a golden dragon
  7061 | D        | Received a gift from Trog
  7074 | D        | Killed a golden dragon
  7086 | D        | Noticed a golden dragon
  7090 | D        | Received a gift from Trog
  7101 | D        | Reached skill level 15 in Throwing
  7112 | D        | Killed a golden dragon
  7199 | D        | Noticed a golden dragon
  7213 | D        | Killed a golden dragon
  7235 | D        | Received a gift from Trog
  7235 | D        | Reached skill level 10 in Evocations
  7305 | D        | Noticed a quicksilver dragon
  7315 | D        | Reached XP level 18. HP: 200/200 MP: 17/17
  7318 | D        | Received a gift from Trog
  7323 | D        | Got a brightly glowing bardiche {god gift}
  7324 | D        | Identified the +6 bardiche of Misery {antimagic, rC+
                  | Stlth+} (Trog gifted it to you in the Dungeon)
  7372 | D        | Noticed a tentacled monstrosity
  7372 | D        | Noticed a tentacled monstrosity
  7377 | D        | Killed a tentacled monstrosity
  7389 | D        | Killed a tentacled monstrosity
  7404 | D        | Received a gift from Trog
  7563 | D        | Received a gift from Trog
  7566 | D        | Reached skill level 27 in Dodging
  7581 | D        | Received a gift from Trog
  7729 | D        | Noticed an Orb Guardian
  7729 | D        | Noticed an Orb Guardian
  7729 | D        | Noticed an Orb Guardian
  7729 | D        | Noticed an Orb Guardian
  7729 | D        | Noticed an Orb Guardian
  7729 | D        | Noticed an Orb Guardian
  7734 | D        | Killed an Orb Guardian
  7742 | D        | Killed an Orb Guardian
  7742 | D        | Received a gift from Trog
  7749 | D        | Killed an Orb Guardian
  7752 | D        | Killed an Orb Guardian
  7756 | D        | Killed an Orb Guardian
  7762 | D        | Killed an Orb Guardian
  7763 | D        | Noticed an Orb Guardian
  7764 | D        | Noticed an Orb Guardian
  7765 | D        | Noticed an Orb Guardian
  7766 | D        | Noticed an Orb Guardian
  7769 | D        | Killed an Orb Guardian
  7774 | D        | Killed an Orb Guardian
  7774 | D        | Received a gift from Trog
  7780 | D        | Killed an Orb Guardian
  7784 | D        | Killed an Orb Guardian
  7784 | D        | Reached skill level 27 in Throwing
  7861 | D        | Noticed an Orb Guardian
  7861 | D        | Noticed an Orb Guardian
  7861 | D        | Noticed a golden dragon
  7861 | D        | Noticed a curse toe
  7865 | D        | Killed a curse toe
  7866 | D        | Noticed an Orb Guardian
  7872 | D        | Noticed an Orb Guardian
  7873 | D        | Killed a golden dragon
  7873 | D        | Reached skill level 15 in Evocations
  7876 | D        | Killed an Orb Guardian
  7881 | D        | Killed an Orb Guardian
  7891 | D        | Received a gift from Trog
  7903 | D        | Killed an Orb Guardian
  7911 | D        | Killed an Orb Guardian
  7911 | D        | Reached XP level 19. HP: 207/207 MP: 18/18
  7951 | D        | Noticed an ancient lich
  7953 | D        | Noticed a Tzitzimitl
  7958 | D        | Killed an ancient lich
  8054 | D        | Noticed an orb of fire
  8067 | D        | Killed an orb of fire
  8098 | D        | Noticed an electric golem
  8111 | D        | Killed an electric golem
  8111 | D        | Received a gift from Trog
  8157 | D        | Noticed an electric golem
  8158 | D        | Noticed an orb of fire
  8159 | D        | Killed an electric golem
  8161 | D        | Noticed an orb of fire
  8162 | D        | Killed an orb of fire
  8163 | D        | Received a gift from Trog
  8164 | D        | Gained mutation: Scrolls take you a little longer to read.
                  | [an orb of fire]
  8164 | D        | Noticed a golden dragon
  8165 | D        | Killed an orb of fire
  8171 | D        | Killed a golden dragon
  8172 | D        | Noticed an electric golem
  8180 | D        | Noticed an ancient lich
  8182 | D        | Noticed a Brimstone Fiend
  8201 | D        | Killed an electric golem
  8221 | D        | Received a gift from Trog
  8221 | D        | Reached skill level 27 in Evocations
  8226 | D        | Killed an ancient lich
  8226 | D        | Reached skill level 10 in Stealth
  8291 | D        | Reached skill level 5 in Axes
  8297 | D        | Received a gift from Trog
  8307 | D        | Reached skill level 10 in Short Blades
  8307 | D        | Reached skill level 10 in Unarmed Combat
  8328 | D        | Reached skill level 10 in Axes
  8332 | D        | Reached XP level 20. HP: 214/216 MP: 19/19
  8336 | D        | Received a gift from Trog
  8463 | D        | Noticed an ancient lich
  8470 | D        | Received a gift from Trog
  8476 | D        | Killed an ancient lich
  8476 | D        | Reached skill level 15 in Stealth
  8476 | D        | Noticed an ancient lich
  8483 | D        | Received a gift from Trog
  8487 | D        | Killed an ancient lich
  8488 | D        | Paralysed by a lich for 3 turns
  8493 | D        | Reached skill level 15 in Short Blades
  8493 | D        | Reached skill level 15 in Axes
  8493 | D        | Reached skill level 15 in Unarmed Combat
  8495 | D        | Received a gift from Trog
  8604 | D        | Received a gift from Trog
  8610 | D        | Reached skill level 1 in Maces & Flails
  8641 | D        | Received a gift from Trog
  8642 | D        | Reached skill level 5 in Maces & Flails
  8643 | D        | Received a gift from Trog
  8655 | D        | Received a gift from Trog
  8674 | D        | Got an elven rune of Zot
  8706 | D        | Reached skill level 10 in Maces & Flails
  8706 | D        | Received a gift from Trog
  8706 | D        | Reached skill level 1 in Long Blades
  8715 | D        | Noticed the Royal Jelly
  8719 | D        | Killed the Royal Jelly
  8722 | D        | Received a gift from Trog
  8771 | D        | Paralysed by a floating eye for 3 turns
  8779 | D        | Reached skill level 10 in Long Blades
  8790 | D        | Received a gift from Trog
  8799 | D        | Got a slimy rune of Zot
  8982 | D        | Reached XP level 21. HP: 208/224 MP: 20/20
  8998 | D        | Received a gift from Trog
  9001 | D        | Reached skill level 15 in Maces & Flails
  9009 | D        | Received a gift from Trog
  9022 | D        | Received a gift from Trog
  9422 | D        | Received a gift from Trog
  9465 | D        | Received a gift from Trog
  9702 | D        | Noticed a greater mummy
  9702 | D        | Noticed a greater mummy
  9702 | D        | Noticed a greater mummy
  9704 | D        | Noticed a greater mummy
  9707 | D        | Killed a greater mummy
  9711 | D        | Killed a greater mummy
 10117 | D        | Killed a greater mummy
 10117 | D        | Received a gift from Trog
 10123 | D        | Killed a greater mummy
 10553 | D        | Got a golden rune of Zot
 10558 | D        | Received a gift from Trog
 10586 | D        | Got an abyssal rune of Zot
 10785 | D        | Noticed Geryon
 10804 | D        | Killed Geryon
 10822 | D        | Identified the +6 sword of Cerebov {flame}
 10822 | D        | Noticed Cerebov
 10822 | D        | Noticed Ereshkigal
 10884 | D        | Killed Ereshkigal
 10921 | D        | Killed from afar by a Hell Sentinel

Illustrated notes

Levels and vault maps discovered:
D:        linesprint [early_d, line_temple, items_1, d_10, items_2, lair_1,
          lair_end, items_3, orc_1, orc_end, items_4, d_15, swamp_1, shoals_1,
          snake_1, spider_1, d_20, vaults_1, items_5, swamp_end, shoals_end,
          snake_end, spider_end, vaults_end, d_27, items_6, zot_1, zot_end,
          crypt_end, forest_end, elf_end, slime_end, tomb_end, abyss_end,
          pan_hell_end]

Skill      XL: |  1  2  3  4  5  6  7  8  9 10 11 12 13 14 15 16 17 18 19 20 21 |
---------------+----------------------------------------------------------------+-----
Fighting       | 6 7 9 10 11 13 14 15 17 19 22 24 27 | 27.0
Armour         | 6 7 8 10 12 13 14 15 16 17 20 27 | 27.0
Shields        | 6 7 8 10 12 13 14 16 18 20 22 26 27 | 27.0
Polearms       | 4 5 7 9 10 13 15 17 19 20 22 25 27 | 27.0
Dodging        | 1 2 3 5 7 10 11 13 14 21 26 27 | 27.0
Evocations     | 2 3 5 10 18 27 | 27.0
Stealth        | 4 6 14 19 26 | 26.2
Throwing       | 19 27 | 27.0
Short Blades   | 11 19 20 | 20.8
Unarmed Combat | 11 19 20 | 20.5
Axes           | 10 20 21 | 21.4
Maces & Flails | 14 16 | 16.5
Long Blades    | 11 14 | 14.0

Action                   |  1- 3 |  4- 6 |  7- 9 | 10-12 | 13-15 | 16-18 | 19-21 || total
-------------------------+-------+-------+-------+-------+-------+-------+-------++-------
Melee: Trident           |    14 |    40 |    74 |       |    20 |       |       ||   148
       Headbutt          |     3 |     9 |    19 |    46 |    91 |   138 |   101 ||   407
       Spear             |       |       |    10 |    11 |       |       |       ||    21
       Demon trident     |       |       |       |   312 |   490 |   633 |   138 ||  1573
       Trishula          |       |       |       |       |       |       |   270 ||   270
Throw: Javelin           |       |       |       |       |       |     3 |    49 ||    52
Invok: Berserk           |       |     1 |     2 |     8 |     8 |    13 |     8 ||    40
       Brothers in Arms  |       |       |       |     1 |       |     2 |     2 ||     5
       Trog's Hand       |       |       |       |       |       |       |     1 ||     1
Evoke: Wand              |       |       |       |     5 |       |     3 |     2 ||    10
       Horn of Geryon    |       |       |       |       |       |       |     1 ||     1
  Use: Potion            |     1 |       |     1 |     5 |     1 |     2 |     8 ||    18
       Scroll            |       |       |       |       |       |    24 |       ||    24
 Stab: Confused          |       |       |       |     4 |       |       |       ||     4
Armor: Scale mail        |     4 |     1 |       |       |       |       |       ||     5
       Ring mail         |       |     5 |    12 |    27 |       |       |       ||    44
       Chain mail        |       |       |       |    11 |    14 |       |       ||    25
       Storm dragon scal |       |       |       |       |    60 |    38 |       ||    98
       Gold dragon scale |       |       |       |       |       |    20 |    49 ||    69
Dodge: Dodged            |     2 |     6 |     9 |    43 |    70 |    58 |    53 ||   241
Block: Kite shield       |     4 |    13 |    27 |    53 |       |       |       ||    97
       Tower shield      |       |       |       |    68 |   238 |   286 |   295 ||   887

Table legend: (Time is in decaauts) A = Elapsed time spent in this place. B = Non-inter-level travel time spent in this place. C = Inter-level travel time spent in this place. D = Time resting spent in this place. E = Time spent auto-exploring this place. F = Levels seen in this place. G = Mean time per level. A B C D E F G +--------+--------+--------+--------+--------+-----+--------+ Total | 10050 | 9739 | 311 | 4311 | 1054 | 1 | 10050.0 | Dungeon | 10050 | 9739 | 311 | 4311 | 1054 | 1 | 10050.0 | +--------+--------+--------+--------+--------+-----+--------+

Top non-repeatable levels by time:
       D: 10050 daAuts
